[Event "50° Campionato Italiano Assoluto ASCID"]
[Site "Forni di Sopra (UD)"]
[Date "2023.09.03"]
[Round "1"]
[White "Casadei, Marco"]
[Black "Vilone, Gennaro"]
[Result "1-0"]
[Board "1"]
[WhiteElo "2005"]
[BlackElo "1235"]
[TimeControl "40/6000+30:1200+30"]
[ECO "C53"]
[Opening "Giuoco piano"]
[PlyCount "65"]
[EventDate "2023.09.03"]
[EventRounds "7"]
[EventCountry "ITA"]
[Annotator "Bersca0.53"]

1. e4 e5 2. Nf3 Nc6 3. Bc4 Bc5 4. c3 a6 5. d4 exd4 6. cxd4 Ba7 7. h3 h6 8.
O-O Nge7 9. d5 Na5 10. Bd3 b5 11. Qc2 c6 12. d6 Ng6 13. e5 Nh4 14. Nbd2 Bb7
15. b4 Nxf3+ 16. Nxf3 Nc4 17. Bxc4 bxc4 18. Qxc4 Qb6 19. Qg4 g6 20. Qh4 Qd8
21. Bg5 Qb6 22. Bf6 Rh7 23. Ng5 Qd4 24. Nxh7 Qxh4 25. Bxh4 g5 26. Nf6+ Kd8
27. Bg3 Bd4 28. Rad1 c5 29. bxc5 Bxc5 30. Rb1 Bc6 31. Rfc1 Ba7 32. Rxc6
dxc6 33. Rb7 1-0

[Event "50° Campionato Italiano Assoluto ASCID"]
[Site "Forni di Sopra (UD)"]
[Date "2023.09.03"]
[Round "1"]
[White "Badano, Giancarlo"]
[Black "Bellati, Fabio"]
[Result "1-0"]
[Board "3"]
[WhiteElo "1766"]
[BlackElo "1129"]
[TimeControl "40/6000+30:1200+30"]
[ECO "C02"]
[Opening "French"]
[Variation "advance, Euwe variation"]
[PlyCount "50"]
[EventDate "2023.09.03"]
[EventRounds "7"]
[EventCountry "ITA"]
[Annotator "Bersca0.53"]

1. e4 e6 2. d4 d5 3. e5 c5 4. c3 Nc6 5. Nf3 Bd7 6. Bd3 Nge7 7. O-O cxd4 8.
cxd4 Qb6 9. Bc2 Nf5 10. Bxf5 exf5 11. Nc3 Be6 12. a3 a5 13. Qa4 Be7 14. Qb5
Qxb5 15. Nxb5 O-O 16. Bd2 Rac8 17. Rfe1 a4 18. Rac1 Bd7 19. Nc3 Na5 20.
Nxd5 Bd8 21. Rxc8 Bxc8 22. Rc1 Be6 23. Nf4 Nb3 24. Nxe6 Nxc1 25. Nxf8 Kxf8
1-0

[Event "50° Campionato Italiano Assoluto ASCID"]
[Site "Forni di Sopra (UD)"]
[Date "2023.09.03"]
[Round "1"]
[White "Ionata, Lorenzo"]
[Black "Caputi, Giuliano"]
[Result "0-1"]
[Board "4"]
[WhiteElo "1038"]
[BlackElo "1638"]
[TimeControl "40/6000+30:1200+30"]
[ECO "B17"]
[Opening "Caro-Kann"]
[Variation "Steinitz variation"]
[PlyCount "66"]
[EventDate "2023.09.03"]
[EventRounds "7"]
[EventCountry "ITA"]
[Annotator "Bersca0.53"]

1. e4 c6 2. d4 d5 3. Nc3 dxe4 4. Nxe4 Nd7 5. Nf3 Ngf6 6. Bd3 Nxe4 7. Bxe4
Nf6 8. Bd3 Bg4 9. O-O Bxf3 10. Qxf3 Qxd4 11. Be3 Qg4 12. Qxg4 Nxg4 13. h3
Nxe3 14. fxe3 e6 15. Bc4 Bc5 16. Rae1 Ke7 17. Kh1 Rad8 18. a3 b5 19. Bb3 a5
20. a4 Rd2 21. axb5 cxb5 22. Rf3 a4 23. Ba2 Rxc2 24. Rb1 b4 25. e4 Rd8 26.
Rg3 g6 27. h4 h5 28. Rf3 Rdd2 29. Rg3 b3 30. Bxb3 axb3 31. Rxb3 Rxg2 32.
Rb7+ Kf8 33. Rd1 Rh2# 0-1

[Event "50° Campionato Italiano Assoluto ASCID"]
[Site "Forni di Sopra (UD)"]
[Date "2023.09.03"]
[Round "1"]
[White "Poli, Diego"]
[Black "De Fazio, Monica"]
[Result "1-0"]
[Board "5"]
[WhiteElo "1538"]
[BlackElo "1020"]
[TimeControl "40/6000+30:1200+30"]
[ECO "A40"]
[Opening "Queen's pawn"]
[PlyCount "69"]
[EventDate "2023.09.03"]
[EventRounds "7"]
[EventCountry "ITA"]
[Annotator "Bersca0.53"]

1. d4 e6 2. Bf4 d5 3. e3 c5 4. c3 Nc6 5. Bd3 Nge7 6. h4 Ng6 7. Bg3 Be7 8.
h5 Nh4 9. Nf3 Nxf3+ 10. Qxf3 cxd4 11. exd4 Bd6 12. Nd2 Qc7 13. Bxd6 Qxd6
14. O-O-O Bd7 15. Nb3 Rc8 16. Kd2 h6 17. Qe3 a6 18. Nc5 Nb8 19. f4 Qb6 20.
Kc1 Bb5 21. f5 Rc6 22. fxe6 fxe6 23. Bg6+ Kd8 24. Qe5 Qc7 25. Rde1 Qxe5 26.
Rxe5 Nd7 27. Rxe6 Nxc5 28. Rxc6 bxc6 29. dxc5 Rf8 30. Re1 Rf1 31. Rxf1 Bxf1
32. g3 Ke7 33. Kd2 Kf6 34. Ke3 Ke5 35. a4 1-0

[Event "50° Campionato Italiano Assoluto ASCID"]
[Site "Forni di Sopra (UD)"]
[Date "2023.09.03"]
[Round "1"]
[White "Cassano, Mariangela"]
[Black "Pezzolato, Erica"]
[Result "0-1"]
[Board "6"]
[WhiteElo "999"]
[BlackElo "1466"]
[TimeControl "40/6000+30:1200+30"]
[ECO "B00"]
[Opening "King's pawn opening"]
[PlyCount "54"]
[EventDate "2023.09.03"]
[EventRounds "7"]
[EventCountry "ITA"]
[Annotator "Bersca0.53"]

1. e4 d6 2. d4 Nf6 3. Bd3 g6 4. Nf3 Bg7 5. O-O O-O 6. Bf4 Nbd7 7. Nbd2 Re8
8. Bc4 e5 9. dxe5 Nxe5 10. Bd5 Nxd5 11. Nxe5 Nxf4 12. g3 Nh3+ 13. Kg2 Bxe5
14. Re1 Bxb2 15. Rb1 Qf6 16. Qe2 Bd4 17. Nf3 Rb8 18. Rb3 Bg4 19. Nh4 Bxe2
20. Rxe2 Ng5 21. f4 Nxe4 22. Rxe4 Rxe4 23. Rd3 Re2+ 24. Kf3 Rbe8 25. Kg4
h5+ 26. Kh3 Qe6+ 27. g4 Qxg4# 0-1

[Event "50° Campionato Italiano Assoluto ASCID"]
[Site "Forni di Sopra (UD)"]
[Date "2023.09.03"]
[Round "2"]
[White "Caputi, Giuliano"]
[Black "Casadei, Marco"]
[Result "1-0"]
[Board "1"]
[WhiteElo "1638"]
[BlackElo "2005"]
[TimeControl "40/6000+30:1200+30"]
[ECO "A48"]
[Opening "King's Indian"]
[Variation "East Indian defence"]
[PlyCount "89"]
[EventDate "2023.09.03"]
[EventRounds "7"]
[EventCountry "ITA"]
[Annotator "Bersca0.53"]

1. d4 Nf6 2. Nf3 g6 3. c4 Bg7 4. Nc3 O-O 5. g3 d6 6. Bg2 Nc6 7. e4 Bg4 8.
h3 Bxf3 9. Bxf3 e5 10. d5 Nd4 11. Bg2 c5 12. dxc6 bxc6 13. O-O Nd7 14. Be3
Rb8 15. b3 Nc5 16. Ne2 Nce6 17. Qd2 Qc7 18. Rad1 f5 19. f4 Nxe2+ 20. Qxe2
fxe4 21. Bxe4 exf4 22. gxf4 Rbe8 23. Qg2 Bh6 24. Bxc6 Nxf4 25. Bxf4 Bxf4
26. Rxf4 Rxf4 27. Bxe8 Qe7 28. Bc6 Rf5 29. Bd5+ Kg7 30. Qb2+ Kh6 31. Qd2+
Kg7 32. Rf1 Rg5+ 33. Kh1 Qe5 34. Rf7+ Kh8 35. Qf2 Rf5 36. Rxf5 gxf5 37. Kg2
f4 38. h4 Kg7 39. Qf3 Kf6 40. Qe4 Qb2+ 41. Kf3 Qc3+ 42. Kxf4 Qd2+ 43. Kg4
h5+ 44. Kxh5 Qd1+ 45. Qf3+ 1-0

[Event "50° Campionato Italiano Assoluto ASCID"]
[Site "Forni di Sopra (UD)"]
[Date "2023.09.03"]
[Round "2"]
[White "Vrioni, Bersan"]
[Black "Poli, Diego"]
[Result "1-0"]
[Board "2"]
[WhiteElo "1912"]
[BlackElo "1538"]
[TimeControl "40/6000+30:1200+30"]
[ECO "B52"]
[Opening "Sicilian"]
[Variation "Canal-Sokolsky attack, 3...Bd7"]
[PlyCount "95"]
[EventDate "2023.09.03"]
[EventRounds "7"]
[EventCountry "ITA"]
[Annotator "Bersca0.53"]

1. e4 c5 2. Nf3 d6 3. Bb5+ Bd7 4. Bxd7+ Qxd7 5. d4 cxd4 6. Nxd4 e5 7. Nf5
g6 8. Ne3 Nf6 9. f3 Nc6 10. Nc3 Bg7 11. O-O O-O 12. Ncd5 Nxd5 13. Nxd5 Ne7
14. Nxe7+ Qxe7 15. Qd5 Rac8 16. c3 Rc5 17. Qd3 Rc6 18. Be3 a6 19. a4 Rfc8
20. a5 Bf6 21. Rfd1 Qe6 22. Qd5 Kf8 23. Ra4 Bd8 24. Rb4 R8c7 25. Rd3 Rc4
26. Rb3 h5 27. Ra3 Qxd5 28. Rxd5 Ke7 29. Kf1 R7c6 30. Ke2 f5 31. Kd3 fxe4+
32. fxe4 Ke6 33. Rb3 Ra4 34. Rxb7 Bxa5 35. Bg5 Rc7 36. Rxa5 Rxb7 37. Rxa4
Rxb2 38. Bd2 Rb6 39. Rb4 Rc6 40. c4 Rc8 41. Rb7 Ra8 42. Bg5 d5 43. Rb6+ Kd7
44. exd5 a5 45. Bc1 a4 46. Ba3 Re8 47. c5 g5 48. c6+ 1-0

[Event "50° Campionato Italiano Assoluto ASCID"]
[Site "Forni di Sopra (UD)"]
[Date "2023.09.03"]
[Round "2"]
[White "Parravano, Luca"]
[Black "Badano, Giancarlo"]
[Result "0-1"]
[Board "3"]
[WhiteElo "999"]
[BlackElo "1766"]
[TimeControl "40/6000+30:1200+30"]
[ECO "A40"]
[Opening "Queen's pawn"]
[PlyCount "75"]
[EventDate "2023.09.03"]
[EventRounds "7"]
[EventCountry "ITA"]
[Annotator "Bersca0.53"]

1. d4 e6 2. Nf3 d5 3. Bf4 c5 4. c3 Nc6 5. e3 Nf6 6. Bd3 Be7 7. Nbd2 O-O 8.
Ne5 Bd7 9. Nxd7 Qxd7 10. Nf3 Bd6 11. Ne5 Qc7 12. Nxc6 Qxc6 13. Bxd6 Qxd6
14. O-O c4 15. Bc2 b5 16. Re1 Rfe8 17. e4 Qf4 18. g3 Qg4 19. e5 Qxd1 20.
Raxd1 Nd7 21. b3 Nb6 22. h4 a5 23. Rb1 Reb8 24. b4 axb4 25. Rxb4 Rxa2 26.
Bb1 Ra3 27. Rc1 Na4 28. Rc2 Nxc3 29. Rcb2 Ra1 30. Kg2 Rxb1 31. Rxb1 Nxb1
32. Rxb1 b4 33. Kf1 b3 34. Ke2 Ra8 35. Kd2 Ra2+ 36. Ke1 h5 37. f4 Rh2 38.
Ra1 0-1

[Event "50° Campionato Italiano Assoluto ASCID"]
[Site "Forni di Sopra (UD)"]
[Date "2023.09.03"]
[Round "2"]
[White "Pezzolato, Erica"]
[Black "Trapletti, Cosetta"]
[Result "1-0"]
[Board "4"]
[WhiteElo "1466"]
[BlackElo "1138"]
[TimeControl "40/6000+30:1200+30"]
[ECO "A10"]
[Opening "English opening"]
[PlyCount "111"]
[EventDate "2023.09.03"]
[EventRounds "7"]
[EventCountry "ITA"]
[Annotator "Bersca0.53"]

1. c4 d5 2. cxd5 Qxd5 3. Nc3 Qh5 4. Nf3 Bd7 5. e4 e6 6. Be2 Bd6 7. d4 Bb4
8. Ne5 Qh4 9. Bf3 f6 10. g3 Qh3 11. Nxd7 Nxd7 12. Bh5+ g6 13. Bg4 Qg2 14.
Qf3 Qxf3 15. Bxf3 Ne7 16. O-O f5 17. e5 O-O-O 18. Nb5 Kb8 19. a3 Ba5 20. b4
Bb6 21. Rd1 Nd5 22. Bxd5 exd5 23. Nc3 c6 24. Bg5 Rde8 25. a4 a6 26. Ne2 h6
27. Bf4 g5 28. Be3 Nf8 29. f4 Ne6 30. Rf1 h5 31. fxg5 Rhg8 32. Rxf5 Ref8
33. Rxf8+ Nxf8 34. h4 Ne6 35. Rf1 a5 36. bxa5 Bxa5 37. Nf4 Nxg5 38. hxg5
Rxg5 39. Kh2 h4 40. gxh4 Rg8 41. Rg1 Rh8 42. h5 b5 43. axb5 cxb5 44. Kh3
Bd8 45. Rb1 Rg8 46. Rxb5+ Ka7 47. Rxd5 Bc7 48. Rd7 Kb8 49. h6 Kc8 50. Rg7
Rh8 51. h7 Bd8 52. Ne6 Be7 53. Rg8+ Rxg8 54. hxg8=Q+ Kd7 55. d5 Bb4 56.
Qd8# 1-0

[Event "50° Campionato Italiano Assoluto ASCID"]
[Site "Forni di Sopra (UD)"]
[Date "2023.09.03"]
[Round "2"]
[White "Vilone, Gennaro"]
[Black "Ionata, Lorenzo"]
[Result "1-0"]
[Board "5"]
[WhiteElo "1235"]
[BlackElo "1038"]
[TimeControl "40/6000+30:1200+30"]
[ECO "C24"]
[Opening "Bishop's opening"]
[Variation "Berlin defence"]
[PlyCount "103"]
[EventDate "2023.09.03"]
[EventRounds "7"]
[EventCountry "ITA"]
[Annotator "Bersca0.53"]

1. e4 e5 2. Bc4 Nf6 3. Nc3 Bc5 4. Nf3 Nc6 5. O-O O-O 6. d3 d6 7. h3 Be6 8.
Nd5 Na5 9. Nxf6+ Qxf6 10. Bb3 Nxb3 11. axb3 Qg6 12. Nh4 Qf6 13. Qh5 a6 14.
Bg5 Qg6 15. Nxg6 fxg6 16. Qd1 Rf7 17. Be3 Bxe3 18. fxe3 Raf8 19. Rxf7 Rxf7
20. Qd2 c5 21. d4 d5 22. dxc5 d4 23. exd4 Rd7 24. d5 h6 25. d6 g5 26. c4 g4
27. Qc3 gxh3 28. gxh3 Rf7 29. Rd1 g5 30. Rd2 g4 31. hxg4 Bxg4 32. Rg2 h5
33. Qxe5 Kh7 34. Qd5 Rg7 35. d7 Rxd7 36. Qxd7+ Bxd7 37. Rf2 Be6 38. Rf6 Bg8
39. Rb6 h4 40. Rxb7+ Kg6 41. Rb6+ Kg5 42. Rxa6 Bh7 43. c6 Bxe4 44. c7 Bf5
45. Ra5 Kg4 46. Rxf5 Kxf5 47. c8=Q+ Kg5 48. Qe6 Kf4 49. Kh2 Kf3 50. Qe5 Kf2
51. Qe4 h3 52. c5 1-0

[Event "50° Campionato Italiano Assoluto ASCID"]
[Site "Forni di Sopra (UD)"]
[Date "2023.09.03"]
[Round "2"]
[White "Bellati, Fabio"]
[Black "Cassano, Mariangela"]
[Result "1-0"]
[Board "6"]
[WhiteElo "1129"]
[BlackElo "999"]
[TimeControl "40/6000+30:1200+30"]
[ECO "C42"]
[Opening "Petrov"]
[Variation "Damiano variation"]
[PlyCount "56"]
[EventDate "2023.09.03"]
[EventRounds "7"]
[EventCountry "ITA"]
[Annotator "Bersca0.53"]

1. e4 e5 2. Nf3 Nf6 3. Nxe5 Nxe4 4. Nf3 Nf6 5. Bc4 d5 6. Bb3 Bd6 7. O-O O-O
8. Re1 c6 9. d4 Nbd7 10. c3 Re8 11. Bg5 h6 12. Bxf6 Nxf6 13. Nbd2 Qc7 14.
Qc2 Bf4 15. Qd3 g6 16. Bc2 Bf5 17. Qf1 Bxc2 18. Rac1 Bf5 19. g3 Bg5 20.
Nxg5 hxg5 21. Nf3 g4 22. Nh4 Be4 23. Rcd1 Bc2 24. Rd2 Bb1 25. Rxb1 Ne4 26.
Re2 Ng5 27. Rbe1 Nf3+ 28. Kg2 Nxh4+ 1-0

[Event "50° Campionato Italiano Assoluto ASCID"]
[Site "Forni di Sopra (UD)"]
[Date "2023.09.04"]
[Round "3"]
[White "Caputi, Giuliano"]
[Black "Vrioni, Bersan"]
[Result "0-1"]
[Board "1"]
[WhiteElo "1638"]
[BlackElo "1912"]
[TimeControl "40/6000+30:1200+30"]
[ECO "D02"]
[Opening "Queen's pawn game"]
[PlyCount "67"]
[EventDate "2023.09.03"]
[EventRounds "7"]
[EventCountry "ITA"]
[Annotator "Bersca0.53"]

1. d4 d5 2. Nf3 Nf6 3. c4 e6 4. g3 c6 5. Bg2 Bd6 6. O-O Nbd7 7. b3 O-O 8.
Bb2 Ne4 9. Nbd2 f5 10. Qc2 Qe7 11. Rad1 Ndf6 12. Ne5 Bd7 13. f3 Nxd2 14.
Qxd2 Be8 15. e4 fxe4 16. fxe4 Nxe4 17. Rxf8+ Qxf8 18. Bxe4 dxe4 19. Rf1 Qe7
20. Qe3 Bxe5 21. dxe5 Bg6 22. Bd4 b6 23. a4 c5 24. Bc3 Rd8 25. Qe1 a5 26.
Rf2 Rd3 27. Re2 Qg5 28. Kg2 h5 29. h4 Qg4 30. Re3 Bf5 31. Rxd3 exd3 32. Qd2
Be4+ 33. Kh2 Qf3 34. Qe1 0-1

[Event "50° Campionato Italiano Assoluto ASCID"]
[Site "Forni di Sopra (UD)"]
[Date "2023.09.04"]
[Round "3"]
[White "Badano, Giancarlo"]
[Black "Pezzolato, Erica"]
[Result "1-0"]
[Board "2"]
[WhiteElo "1766"]
[BlackElo "1466"]
[TimeControl "40/6000+30:1200+30"]
[ECO "B00"]
[Opening "King's pawn opening"]
[PlyCount "37"]
[EventDate "2023.09.03"]
[EventRounds "7"]
[EventCountry "ITA"]
[Annotator "Bersca0.53"]

1. e4 d6 2. d4 Nf6 3. Bd3 g6 4. f4 Bg7 5. Nf3 Nfd7 6. c4 e5 7. fxe5 dxe5 8.
d5 O-O 9. O-O Nc5 10. Nc3 Nxd3 11. Qxd3 Nc6 12. Be3 Bg4 13. Ne2 Bxf3 14.
Rxf3 Qd6 15. Raf1 Rad8 16. Qc3 Ne7 17. b4 b6 18. Qb3 Rb8 19. Nc3 c5 20.
bxc5 bxc5 21. Qa3 Rb7 22. Bxc5 Qd7 23. Nb5 Nc8 24. Rb3 Nb6 25. Bxb6 axb6
26. Qd6 Qxd6 27. Nxd6 Rd7 28. Rxb6 Bh6 29. Rf3 1-0

[Event "50° Campionato Italiano Assoluto ASCID"]
[Site "Forni di Sopra (UD)"]
[Date "2023.09.04"]
[Round "3"]
[White "Casadei, Marco"]
[Black "Bellati, Fabio"]
[Result "1-0"]
[Board "3"]
[WhiteElo "2005"]
[BlackElo "1129"]
[TimeControl "40/6000+30:1200+30"]
[ECO "C11"]
[Opening "French defence"]
[PlyCount "54"]
[EventDate "2023.09.03"]
[EventRounds "7"]
[EventCountry "ITA"]
[Annotator "Bersca0.53"]

1. e4 e6 2. d4 d5 3. Nc3 Nf6 4. Bg5 c6 5. e5 h6 6. Bh4 g5 7. Bg3 Ne4 8.
Nxe4 dxe4 9. Qd2 c5 10. O-O-O cxd4 11. Qxd4 Qxd4 12. Rxd4 Bd7 13. Rxe4 Bc6
14. Re1 Bg7 15. Nf3 O-O 16. Nd4 Rd8 17. c3 Bd7 18. h4 f6 19. exf6 Bxf6 20.
Nxe6 Bxe6 21. Rxe6 Nd7 22. Bc4 Kf8 23. hxg5 Bxg5+ 24. f4 Re8 25. fxg5 Rxe6
26. Bxe6 Ke7 27. Bxd7 Kxd7 1-0

[Event "50° Campionato Italiano Assoluto ASCID"]
[Site "Forni di Sopra (UD)"]
[Date "2023.09.04"]
[Round "3"]
[White "Poli, Diego"]
[Black "Parravano, Luca"]
[Result "1-0"]
[Board "4"]
[WhiteElo "1538"]
[BlackElo "999"]
[TimeControl "40/6000+30:1200+30"]
[ECO "D00"]
[Opening "Queen's pawn"]
[Variation "Chigorin variation"]
[PlyCount "81"]
[EventDate "2023.09.03"]
[EventRounds "7"]
[EventCountry "ITA"]
[Annotator "Bersca0.53"]

1. d4 d5 2. Nc3 Nf6 3. Bf4 Nc6 4. Nb5 e5 5. Bxe5 Nxe5 6. dxe5 Nd7 7. Qxd5
Nb6 8. Qxd8+ Kxd8 9. O-O-O+ Bd7 10. e3 a6 11. Nd4 c5 12. Nf5 g6 13. Nd6
Bxd6 14. exd6 Be6 15. Kb1 Kd7 16. Nf3 f6 17. e4 Bc4 18. e5 Bxf1 19. Rhxf1
Ke6 20. exf6 Nd7 21. Ng5+ Kxf6 22. Ne4+ Kf5 23. Rfe1 Rhe8 24. f3 b6 25. Kc1
c4 26. h4 h5 27. Rd4 Rac8 28. c3 a5 29. g4+ Kf4 30. Nf6+ Kxf3 31. Nxe8 hxg4
32. Ree4 g3 33. Rf4+ Kg2 34. Nf6 Rd8 35. Nxd7 Rxd7 36. Rg4 Kh2 37. Rxg6 g2
38. Rd2 Rxd6 39. Rgxd6 Kh1 40. Rxg2 Kxg2 41. h5 1-0

[Event "50° Campionato Italiano Assoluto ASCID"]
[Site "Forni di Sopra (UD)"]
[Date "2023.09.04"]
[Round "3"]
[White "De Fazio, Monica"]
[Black "Vilone, Gennaro"]
[Result "0-1"]
[Board "5"]
[WhiteElo "1020"]
[BlackElo "1235"]
[TimeControl "40/6000+30:1200+30"]
[ECO "D11"]
[Opening "QGD Slav"]
[Variation "3.Nf3"]
[PlyCount "70"]
[EventDate "2023.09.03"]
[EventRounds "7"]
[EventCountry "ITA"]
[Annotator "Bersca0.53"]

1. d4 d5 2. c4 c6 3. Nf3 Bf5 4. g3 e6 5. Bg2 Bxb1 6. Rxb1 Qa5+ 7. Bd2 Qxa2
8. b3 Qa6 9. Qc2 Qa3 10. O-O Qd6 11. Bf4 Qd7 12. Ne5 Qc8 13. cxd5 exd5 14.
e4 f6 15. Nd3 dxe4 16. Bxe4 Ne7 17. Nc5 f5 18. Bd3 Na6 19. Nxa6 bxa6 20.
Bd6 Qd7 21. Bxe7 Bxe7 22. Bxf5 Qd6 23. Bxh7 Kd8 24. Be4 Rc8 25. Rbc1 Qh6
26. f3 Qe3+ 27. Qf2 Qxb3 28. Bxc6 Qb6 29. d5 Rb8 30. Rb1 Qxf2+ 31. Kxf2
Rxh2+ 32. Kg1 Rhb2 33. Rxb2 Rxb2 34. Rf2 Bc5 35. Kg2 Rxf2+ 0-1

[Event "50° Campionato Italiano Assoluto ASCID"]
[Site "Forni di Sopra (UD)"]
[Date "2023.09.04"]
[Round "3"]
[White "Trapletti, Cosetta"]
[Black "Ionata, Lorenzo"]
[Result "0-1"]
[Board "6"]
[WhiteElo "1138"]
[BlackElo "1038"]
[TimeControl "40/6000+30:1200+30"]
[ECO "D00"]
[Opening "Queen's pawn, Mason variation"]
[PlyCount "72"]
[EventDate "2023.09.03"]
[EventRounds "7"]
[EventCountry "ITA"]
[Annotator "Bersca0.53"]

1. d4 d5 2. Bf4 Nf6 3. e3 Nc6 4. c4 e6 5. Nc3 Bd6 6. Bd3 Bxf4 7. exf4 O-O
8. Nf3 Re8 9. Ng5 Nxd4 10. O-O Qd6 11. Qb1 Qxf4 12. Bxh7+ Kf8 13. Nh3 Qh6
14. Bd3 b6 15. Nb5 Nxb5 16. cxb5 Bb7 17. Re1 Ng4 18. Qc2 Rac8 19. f4 d4 20.
Qb3 Ne3 21. Qb4+ Re7 22. Qxd4 Bxg2 23. Rxe3 Bxh3 24. Rg3 f6 25. Re1 e5 26.
Qb4 Re8 27. fxe5 f5 28. Bxf5 Bxf5 29. e6 Bxe6 30. Rf1+ Kg8 31. Rff3 Qc1+
32. Rf1 Qc2 33. Rf8+ Kxf8 34. Qf4+ Rf7 35. Qd4 Qc1+ 36. Kg2 Qf1# 0-1

[Event "50° Campionato Italiano Assoluto ASCID"]
[Site "Forni di Sopra (UD)"]
[Date "2023.09.05"]
[Round "4"]
[White "Vrioni, Bersan"]
[Black "Badano, Giancarlo"]
[Result "0-1"]
[Board "1"]
[WhiteElo "1912"]
[BlackElo "1766"]
[TimeControl "40/6000+30:1200+30"]
[ECO "B18"]
[Opening "Caro-Kann"]
[Variation "Classical variation"]
[PlyCount "128"]
[EventDate "2023.09.03"]
[EventRounds "7"]
[EventCountry "ITA"]
[Annotator "Bersca0.53"]

1. e4 c6 2. d4 d5 3. Nc3 dxe4 4. Nxe4 Bf5 5. Ng3 Bg6 6. Bc4 e6 7. N1e2 Nf6
8. O-O Be7 9. f4 Nbd7 10. f5 exf5 11. Nxf5 Bxf5 12. Rxf5 O-O 13. Qf1 b5 14.
Bb3 c5 15. c3 Qb6 16. Kh1 a5 17. a3 c4 18. Bc2 b4 19. Rf3 bxa3 20. bxa3
Rac8 21. Ng3 g6 22. Rb1 Qc6 23. Bg5 Kg7 24. Qc1 Ng8 25. Bd2 Ndf6 26. a4 Rb8
27. Ra1 Qb7 28. Bf4 Rbd8 29. Rb1 Qc6 30. Rb5 Rd5 31. Rb2 Rd7 32. Qb1 Bd6
33. Rb6 Qd5 34. Rb5 Qa8 35. Be5 Bxe5 36. dxe5 Nd5 37. Be4 Nge7 38. Ne2 Rc8
39. Nf4 Nxc3 40. Rxc3 Qxe4 41. Rf3 Qxb1+ 42. Rxb1 c3 43. Rc1 c2 44. Rff1
Nf5 45. Ne2 Ne3 46. Rfe1 Rd1 47. Kg1 Rxe1+ 48. Rxe1 Nd1 49. Nc1 Nc3 50. Kf2
Nxa4 51. Ke3 Rd8 52. Nd3 Nc5 53. Nc1 Nb3 54. Ke2 a4 55. Rf1 Rd5 56. h3
Rxe5+ 57. Kd3 Nxc1+ 58. Rxc1 Rc5 59. Kd2 f5 60. Rxc2 Rxc2+ 61. Kxc2 Kf6 62.
Kb2 Ke5 63. Ka3 Kf4 64. Kxa4 Kg3 0-1

[Event "50° Campionato Italiano Assoluto ASCID"]
[Site "Forni di Sopra (UD)"]
[Date "2023.09.05"]
[Round "4"]
[White "Pezzolato, Erica"]
[Black "Casadei, Marco"]
[Result "0-1"]
[Board "2"]
[WhiteElo "1466"]
[BlackElo "2005"]
[TimeControl "40/6000+30:1200+30"]
[ECO "A27"]
[Opening "English"]
[Variation "three knights system"]
[PlyCount "48"]
[EventDate "2023.09.03"]
[EventRounds "7"]
[EventCountry "ITA"]
[Annotator "Bersca0.53"]

1. c4 e5 2. Nc3 Nc6 3. Nf3 g6 4. g3 Bg7 5. Bg2 d6 6. O-O f5 7. d3 Nge7 8.
Bg5 h6 9. Bxe7 Nxe7 10. e3 O-O 11. Rb1 c6 12. Nd2 a5 13. Qb3 Kh8 14. f4 Qc7
15. fxe5 dxe5 16. Ne2 Rd8 17. Nf3 Be6 18. Qc2 Qb6 19. c5 Qb5 20. b3 Qxd3
21. Qxd3 Rxd3 22. Kf2 Rad8 23. Rfe1 Nd5 24. Nc1 Rc3 0-1

[Event "50° Campionato Italiano Assoluto ASCID"]
[Site "Forni di Sopra (UD)"]
[Date "2023.09.05"]
[Round "4"]
[White "Vilone, Gennaro"]
[Black "Caputi, Giuliano"]
[Result "0-1"]
[Board "3"]
[WhiteElo "1235"]
[BlackElo "1638"]
[TimeControl "40/6000+30:1200+30"]
[ECO "B12"]
[Opening "Caro-Kann"]
[Variation "advance variation"]
[PlyCount "101"]
[EventDate "2023.09.03"]
[EventRounds "7"]
[EventCountry "ITA"]
[Annotator "Bersca0.53"]

1. e4 c6 2. d4 d5 3. e5 c5 4. c3 Nc6 5. f4 cxd4 6. cxd4 Qb6 7. Nf3 Bg4 8.
Nc3 e6 9. Bb5 Bxf3 10. Qxf3 Qxd4 11. Be3 Qb4 12. Bxc6+ bxc6 13. Rb1 Ne7 14.
O-O Nf5 15. a3 Qa5 16. Bf2 Bc5 17. Nd1 O-O 18. Kh1 Bxf2 19. Nxf2 c5 20. Nd3
Rab8 21. Qf2 c4 22. Nb4 Qb6 23. Nc2 Qxf2 24. Rxf2 h5 25. g3 a5 26. Kg2 Rb3
27. Rf3 Rfb8 28. Rxb3 Rxb3 29. Na1 Ne3+ 30. Kf2 Rxb2+ 31. Rxb2 Nd1+ 32. Ke2
Nxb2 33. Kd2 Kf8 34. Kc1 Na4 35. Kc2 Ke8 36. Kd2 Kd7 37. Nc2 Kc6 38. Nd4+
Kc5 39. Nf3 f6 40. h3 Nb6 41. Kc3 d4+ 42. Kc2 Nd5 43. Kd2 Nc3 44. Kc2 Ne4
45. g4 hxg4 46. hxg4 Kd5 47. a4 fxe5 48. Nxe5 g5 49. Ng6 gxf4 50. Nxf4+ Ke5
51. Ne2 0-1

[Event "50° Campionato Italiano Assoluto ASCID"]
[Site "Forni di Sopra (UD)"]
[Date "2023.09.05"]
[Round "4"]
[White "Bellati, Fabio"]
[Black "Poli, Diego"]
[Result "0-1"]
[Board "4"]
[WhiteElo "1129"]
[BlackElo "1538"]
[TimeControl "40/6000+30:1200+30"]
[ECO "B01"]
[Opening "Scandinavian defence"]
[PlyCount "52"]
[EventDate "2023.09.03"]
[EventRounds "7"]
[EventCountry "ITA"]
[Annotator "Bersca0.53"]

1. e4 d5 2. exd5 Nf6 3. Nc3 Nxd5 4. Nxd5 Qxd5 5. d4 Nc6 6. c3 e5 7. dxe5
Qxd1+ 8. Kxd1 Nxe5 9. Be3 Bf5 10. Ne2 O-O-O+ 11. Nd4 c5 12. Kd2 cxd4 13.
Bxd4 Bc5 14. Rd1 Bxd4 15. cxd4 Rxd4+ 16. Kc1 Rxd1+ 17. Kxd1 Ng4 18. Kc1
Nxf2 19. Rg1 Rd8 20. Be2 Nd3+ 21. Bxd3 Bxd3 22. b3 f5 23. g3 g5 24. Kd2
Be4+ 25. Ke3 Rd3+ 26. Kf2 Rd2+ 0-1

[Event "50° Campionato Italiano Assoluto ASCID"]
[Site "Forni di Sopra (UD)"]
[Date "2023.09.05"]
[Round "4"]
[White "Ionata, Lorenzo"]
[Black "Cassano, Mariangela"]
[Result "1-0"]
[Board "5"]
[WhiteElo "1038"]
[BlackElo "999"]
[TimeControl "40/6000+30:1200+30"]
[ECO "C41"]
[Opening "Philidor's defence"]
[PlyCount "47"]
[EventDate "2023.09.03"]
[EventRounds "7"]
[EventCountry "ITA"]
[Annotator "Bersca0.53"]

1. e4 e5 2. Nf3 d6 3. Bc4 Nf6 4. Ng5 Be6 5. Bxe6 fxe6 6. Nxe6 Nxe4 7. Nxd8
Kxd8 8. Nc3 Be7 9. Nxe4 d5 10. Nc3 d4 11. Nb5 Bc5 12. Qh5 g6 13. Qxe5 Nd7
14. Qxh8+ Ke7 15. Qxa8 Bb6 16. O-O Nc5 17. Nxd4 h5 18. b4 Na6 19. Re1+ Kf7
20. Qe8+ Kg7 21. Ne6+ Kh6 22. d3+ Kh7 23. Qf7+ Kh8 24. Qg7# 1-0

[Event "50° Campionato Italiano Assoluto ASCID"]
[Site "Forni di Sopra (UD)"]
[Date "2023.09.05"]
[Round "4"]
[White "Parravano, Luca"]
[Black "De Fazio, Monica"]
[Result "0-1"]
[Board "6"]
[WhiteElo "999"]
[BlackElo "1020"]
[TimeControl "40/6000+30:1200+30"]
[ECO "A46"]
[Opening "Queen's pawn game"]
[PlyCount "56"]
[EventDate "2023.09.03"]
[EventRounds "7"]
[EventCountry "ITA"]
[Annotator "Bersca0.53"]

1. d4 Nf6 2. Nf3 d5 3. Bf4 c5 4. c3 g6 5. e3 Bg7 6. Bd3 O-O 7. Nbd2 Nh5 8.
Be5 Bxe5 9. Nxe5 Nd7 10. Nxd7 Bxd7 11. Be2 Nf6 12. Bf3 cxd4 13. cxd4 Qb6
14. b3 Bf5 15. O-O Rad8 16. Re1 Rfe8 17. h3 Bd3 18. Be2 Be4 19. Bf3 Bxf3
20. Nxf3 Ne4 21. Qd3 Rc8 22. Rac1 f6 23. Rxc8 Rxc8 24. Qf1 Rc2 25. Re2 Rxe2
26. Qxe2 Nc3 27. Qc2 Qc6 28. Nd2 Ne2+ 0-1